 Dungeon Crawl Stone Soup version 0.22-a0-815-gb582571 (webtiles) character file.

651 torrenera the Insei (level 7, -10/52 HPs)
             Began as a Gnoll Transmuter on July 23, 2018.
             Was an Initiate of Okawaru.
             Mangled by an iguana (15 damage)
             ... on level 5 of the Dungeon.
             The game lasted 00:13:06 (4897 turns).

torrenera the Insei (Gnoll Transmuter)              Turns: 4897, Time: 00:13:07

Health: -10/52     AC:  2    Str: 13    XL:     7   Next: 53%
Magic:  12/15      EV: 24    Int: 17    God:    Okawaru [......]
Gold:   199        SH:  0    Dex: 20    Spells: 2/17 levels left

rFire    . . .     SeeInvis .     - Unarmed
rCold    . . .     Gourm    .   (shield currently unavailable)
rNeg     . . .     Faith    .   (armour currently unavailable)
rPois    x         Spirit   .   (helmet currently unavailable)
rElec    .         Reflect  .   (cloak currently unavailable)
rCorr    .         Harm     .   (gloves currently unavailable)
MR       .....                  (boots currently unavailable)
Stlth    ++........             (no amulet)
HPRegen  0.17/turn              (no ring)
MPRegen  0.14/turn              (no ring)

@: spider-form
A: tiny, distributed training, strong nose
a: End Transformation, Renounce Religion


You were on level 5 of the Dungeon.
You worshipped Okawaru.
Okawaru was noncommittal.
You were not hungry.
You were a venomous arachnid creature.
You visited 1 branch of the dungeon, and saw 5 of its levels.

You collected 199 gold pieces.

Inventory:

Hand Weapons
 c - a +2 dagger of flaming (melded)
 w - a +0 hunting sling
Missiles
 a - 4 arrows
 f - 4 tomahawks (quivered)
 i - 67 poisoned needles
 v - 110 stones
Armour
 l - a +0 leather armour (melded)
 n - a +0 cloak (melded)
Magical Staves
 s - an uncursed staff of power {unknown}
Jewellery
 o - an uncursed amulet of magic regeneration {unknown}
 u - an uncursed ring of poison resistance {unknown}
Wands
 y - a wand of random effects (30)
Scrolls
 b - a scroll of amnesia {unknown}
 e - 3 scrolls of enchant armour {unknown}
 g - 2 scrolls of remove curse {unknown}
 h - a scroll of enchant weapon {unknown}
 j - 7 scrolls of identify {unknown}
 m - 2 scrolls of fear {unknown}
Potions
 k - 2 potions of mutation {unknown}
 p - a potion of heal wounds {unknown}
 q - a potion of brilliance {unknown}
 r - 2 potions of curing {unknown}
 t - a potion of invisibility {unknown}
Comestibles
 d - 8 rations


   Skills:
 + Level 3.6 Fighting
 + Level 2.5 Short Blades
 + Level 2.5 Long Blades
 + Level 2.5 Axes
 + Level 2.5 Maces & Flails
 + Level 2.5 Polearms
 + Level 2.5 Staves
 + Level 2.5 Slings
 + Level 2.5 Bows
 + Level 2.5 Crossbows
 + Level 2.5 Throwing
 + Level 2.5 Armour
 + Level 5.2 Dodging
 + Level 2.5 Stealth
 + Level 2.5 Shields
 + Level 7.0 Unarmed Combat
 + Level 5.6 Spellcasting
 + Level 2.0 Conjurations
 + Level 2.0 Hexes
 + Level 2.0 Charms
 + Level 2.0 Summonings
 + Level 2.0 Necromancy
 + Level 2.0 Translocations
 + Level 4.3 Transmutations
 + Level 2.0 Fire Magic
 + Level 2.0 Ice Magic
 + Level 2.0 Air Magic
 + Level 2.0 Earth Magic
 + Level 2.0 Poison Magic
 + Level 2.8 Invocations
 + Level 2.5 Evocations


You had 2 spell levels left.
You knew the following spells:

 Your Spells              Type           Power        Failure   Level  Hunger
a - Beastly Appendage     Tmut           ###...       9%          1    None
b - Sticks to Snakes      Tmut           ###.....     11%         2    #......
c - Spider Form           Tmut/Pois      ###.......   26%         3    ##.....
d - Ice Form              Ice/Tmut       ###.....     56%         4    ####...
e - Blade Hands           Tmut           ###.......   73%         5    ######.

Your spell library contained the following spells:

 Spells                   Type           Power        Failure   Level  Hunger


Dungeon Overview and Level Annotations

Branches:
Dungeon (5/15)
 Temple: D:4-7

Altars:
Ashenzari
Dithmenos
Gozag
Hepliaklqana
Okawaru
Xom
Yredelemnul
Zin
The Shining One


Innate Abilities, Weirdness & Mutations

Your experience applies equally to all skills.
((You have very sharp teeth.))
Your uncanny sense of smell can sniff out nearby items.


Message History

The iguana bites you!
* * * LOW HITPOINT WARNING * * *
You hit the iguana. You burn the iguana.
The iguana is severely wounded.
Casting: Spider Form (safe; 14% risk of failure)
Confirm with . or Enter, or press ? or * to list all spells.
You turn into a venomous arachnid creature.
Your +2 dagger of flaming melds into your body.
Your +0 cloak melds into your body.
Your +0 leather armour melds into your body.
Your +2 dagger of flaming stops flaming.
The iguana closely misses you.
You barely miss the iguana.
The iguana is severely wounded.
The iguana bites you.
* * * LOW HITPOINT WARNING * * *
You barely miss the iguana.
The iguana is severely wounded.
The iguana bites you!
You die...

........+......'............
#########......#####.......#
# #......##..+.......+ #
#......##.##.......# #
######.##.#....###.# #
#>.#.#<##.# # # ##.#....#.#
# #........# ##s$$..###
#l_$....# .$$$....#
.#.......# #.##.#....# #
#......# ......!# ..#####


You could see an iguana.

Vanquished Creatures
  2 ogres (D:4)
  A scorpion (D:4)
  2 hounds
  A centaur skeleton (D:4)
  2 orc priests
  An iguana (D:4)
  3 orc wizards
  Robin (D:4)
  4 adders
  An ooze (D:4)
  2 worms
  4 dart slugs
  4 leopard geckos
  10 orcs
  2 giant cockroaches (D:3)
  19 goblins
  9 hobgoblins
  11 jackals
  2 quokkas (D:2)
  A ball python (D:2)
  11 bats
  4 frilled lizards
  4 kobolds
  12 rats
113 creatures vanquished.

Vanquished Creatures (collateral kills)
  An adder (D:2)
  A bat (D:1)
2 creatures vanquished.

Grand Total: 115 creatures vanquished

Notes
Turn   | Place    | Note
-------+----------+-------------------------------------------
     0 | D:1      | torrenera the Gnoll Transmuter began the quest for the Orb.
     0 | D:1      | Reached XP level 1. HP: 17/17 MP: 6/6
    51 | D:1      | Reached XP level 2. HP: 22/23 MP: 7/7
   546 | D:1      | Learned a level 2 spell: Sticks to Snakes
   563 | D:1      | Reached XP level 3. HP: 12/28 MP: 7/9
   567 | D:1      | Reached skill level 5 in Spellcasting
   932 | D:2      | Reached skill level 1 in Invocations
  1091 | D:2      | Learned a level 3 spell: Spider Form
  1217 | D:2      | Reached skill level 1 in Short Blades
  1217 | D:2      | Reached skill level 1 in Long Blades
  1217 | D:2      | Reached skill level 1 in Axes
  1217 | D:2      | Reached skill level 1 in Maces & Flails
  1217 | D:2      | Reached skill level 1 in Polearms
  1217 | D:2      | Reached skill level 1 in Staves
  1217 | D:2      | Reached skill level 1 in Slings
  1217 | D:2      | Reached skill level 1 in Bows
  1217 | D:2      | Reached skill level 1 in Crossbows
  1217 | D:2      | Reached skill level 1 in Throwing
  1217 | D:2      | Reached skill level 1 in Armour
  1217 | D:2      | Reached skill level 1 in Stealth
  1217 | D:2      | Reached skill level 1 in Shields
  1217 | D:2      | Reached skill level 1 in Evocations
  1217 | D:2      | Reached XP level 4. HP: 27/34 MP: 7/11
  1400 | D:2      | Found a glowing silver altar of Zin.
  1977 | D:3      | Reached skill level 1 in Conjurations
  1977 | D:3      | Reached skill level 1 in Hexes
  1977 | D:3      | Reached skill level 1 in Charms
  1977 | D:3      | Reached skill level 1 in Summonings
  1977 | D:3      | Reached skill level 1 in Necromancy
  1977 | D:3      | Reached skill level 1 in Translocations
  1977 | D:3      | Reached skill level 1 in Fire Magic
  1977 | D:3      | Reached skill level 1 in Ice Magic
  1977 | D:3      | Reached skill level 1 in Air Magic
  1977 | D:3      | Reached skill level 1 in Earth Magic
  1977 | D:3      | Reached skill level 1 in Poison Magic
  2018 | D:3      | Reached XP level 5. HP: 32/40 MP: 8/12
  2600 | D:3      | Found a shadowy altar of Dithmenos.
  2872 | D:3      | Reached XP level 6. HP: 32/47 MP: 13/13
  3035 | D:4      | Found a shattered altar of Ashenzari.
  3130 | D:4      | Reached skill level 5 in Dodging
  3708 | D:4      | Reached XP level 7. HP: 14/52 MP: 11/15
  3998 | D:4      | Found an iron altar of Okawaru.
  4020 | D:4      | Found a hazy altar of Hepliaklqana.
  4021 | D:4      | Found a shimmering altar of Xom.
  4022 | D:4      | Noticed a spectral ugly thing
  4041 | D:4      | Reached skill level 7 in Unarmed Combat
  4246 | D:4      | Found a basalt altar of Yredelemnul.
  4246 | D:4      | Found a glowing golden altar of the Shining One.
  4283 | D:4      | Noticed an angel
  4291 | D:4      | Noticed a profane servitor
  4501 | D:4      | Noticed Robin
  4528 | D:4      | Killed Robin
  4689 | D:4      | Became a worshipper of Warmaster Okawaru
  4717 | D:5      | Entered Level 5 of the Dungeon
  4757 | D:5      | Learned a level 4 spell: Ice Form
  4763 | D:5      | Learned a level 5 spell: Blade Hands
  4877 | D:5      | Found an opulent altar of Gozag.
  4897 | D:5      | Mangled by an iguana

Vault maps used:
D:1:      minmay_arrival_three_doors
D:2:      zin_scriptorium, first_ration
D:3:      grunt_dithmenos_smoke_and_mirrors, serial_park_tiny_2
D:4:      kennysheep_goblin_castle, regret_index_temple_of_mockery,
          grunt_temple_overflow_holy_war, lemuel_round_altar, old_standard_altar
D:5:      nicolae_overflow_hidden_temple, nicolae_gozag_seed_capital

Skill      XL: |  1  2  3  4  5  6  7 |
---------------+----------------------+-----
Spellcasting   | 5 |  5.6
Invocations    | 1 2 |  2.8
Short Blades   | 1 2 |  2.5
Long Blades    | 1 2 |  2.5
Axes           | 1 2 |  2.5
Maces & Flails | 1 2 |  2.5
Polearms       | 1 2 |  2.5
Staves         | 1 2 |  2.5
Slings         | 1 2 |  2.5
Bows           | 1 2 |  2.5
Crossbows      | 1 2 |  2.5
Throwing       | 1 2 |  2.5
Armour         | 1 2 |  2.5
Stealth        | 1 2 |  2.5
Shields        | 1 2 |  2.5
Evocations     | 1 2 |  2.5
Conjurations   | 1 2 |  2.0
Hexes          | 1 2 |  2.0
Charms         | 1 2 |  2.0
Summonings     | 1 2 |  2.0
Necromancy     | 1 2 |  2.0
Translocations | 1 2 |  2.0
Fire Magic     | 1 2 |  2.0
Ice Magic      | 1 2 |  2.0
Air Magic      | 1 2 |  2.0
Earth Magic    | 1 2 |  2.0
Poison Magic   | 1 2 |  2.0
Fighting       | 3 |  3.6
Transmutations | 4 |  4.3
Dodging        | 5 |  5.2
Unarmed Combat | 7 |  7.0

Action                   |  1- 3 |  4- 6 |  7- 9 || total
-------------------------+-------+-------+-------++-------
Melee: Dagger            |    99 |   165 |    11 ||   275
       Unarmed           |     4 |    24 |    30 ||    58
       Punch             |     3 |     4 |       ||     7
       Bite              |     7 |    23 |     2 ||    32
       Kick              |     2 |       |       ||     2
 Fire: Hunting sling     |       |     4 |    35 ||    39
Throw: Tomahawk          |       |    11 |       ||    11
 Cast: Beastly Appendage |     1 |       |       ||     1
       Sticks to Snakes  |     4 |     4 |       ||     8
       Spider Form       |       |     3 |     4 ||     7
 Stab: Sleeping          |     3 |     1 |       ||     4
       Distracted        |     1 |     2 |       ||     3
  Eat: Chunk             |     1 |     8 |     4 ||    13
Armor: Robe              |    19 |       |       ||    19
       Leather armour    |       |    34 |     5 ||    39
       Skin              |       |     1 |     1 ||     2
Dodge: Dodged            |    92 |   110 |    41 ||   243

Table legend:
 A = Spawn XP
 B = Non-spawn XP
 C = Spawn XP percentage of total XP
 D = Spawn monster count
 E = Non-spawn monster count
 F = Spawn count percentage of total count
 G = Total turns spent on level
                    A         B        C        D         E        F      G
               +---------+---------+-------+---------+---------+-------+---------
         Total |       0 |     930 |   0.0 |       0 |     115 |   0.0 |  4897
               +---------+---------+-------+---------+---------+-------+---------
           D:1 |       0 |      50 |   0.0 |       0 |      28 |   0.0 |   927
           D:2 |       0 |      74 |   0.0 |       0 |      27 |   0.0 |   839
           D:3 |       0 |     238 |   0.0 |       0 |      27 |   0.0 |  1193
           D:4 |       0 |     526 |   0.0 |       0 |      32 |   0.0 |  1758
           D:5 |       0 |      42 |   0.0 |       0 |       1 |   0.0 |   180
               +---------+---------+-------+---------+---------+-------+---------
